 Dungeon Crawl Stone Soup version 0.30-a0-1075-gcd70e7a56d (webtiles) character file.

Game seed: 15420703723248042961

261 jasper the Digger (level 5, 0/28 HPs)
             Began as a Vampire Earth Elementalist on Apr 14, 2023.
             Hit by a silver boomerang thrown by a gnoll (3 damage)
             ... on level 3 of the Dungeon.
             The game lasted 00:04:01 (1639 turns).

jasper the Digger (Vampire Earth Elementalist)      Turns: 1639, Time: 00:04:02

Health: 0/28       AC:  2    Str:  7    XL:     5   Next: 96%
Magic:  5/10       EV: 12    Int: 19    God:
Gold:   104        SH:  0    Dex: 15    Spells: 5/11 levels left

rFire   . . .      SeeInvis +    c - staff of air
rCold   + + .      Faith    .    (no shield)
rNeg    + + +      Spirit   .    a - +0 robe
rPois   ∞          Reflect  .    (no helmet)
rElec   +          Rampage  .    (no cloak)
rCorr   .                        (no gloves)
Will    .....                    (no boots)
Stlth   ++++                     (no amulet)
HPRegen 0.00/turn                (no ring)
MPRegen 0.12/turn                (no ring)

@: bloodless, inhibited regen
A: bloodless, fangs 3, see invisible, vampiric 2
a: Bat Form, Revivify


You were on level 3 of the Dungeon.
You visited 1 branch of the dungeon, and saw 3 of its levels.

You collected 104 gold pieces.

Inventory:

Armour
 a - a +0 robe (worn)
Magical Staves
 c - a staff of air (weapon)
Scrolls
 d - a scroll of immolation {unknown}
 f - a scroll of amnesia {unknown}
 g - 2 scrolls of identify {unknown}
 j - a scroll of enchant weapon {unknown}
 n - 3 scrolls of teleportation {unknown}
 p - a scroll of noise {unknown}
 q - a scroll of butterflies {unknown}
Potions
 b - a potion of magic
 e - a potion of might {unknown}
 h - 4 potions of attraction {unknown}
 i - 2 potions of curing {unknown}
 k - 3 potions of haste {unknown}
 l - a potion of flight {unknown}
 m - 2 potions of lignification {unknown}
 o - a potion of experience {unknown}


   Skills:
 - Level 2.1 Dodging
 - Level 3.0 Stealth
 + Level 3.9 Spellcasting
 + Level 1.8 Conjurations
 - Level 1.1 Transmutations
 + Level 4.7 Earth Magic


You had 5 spell levels left.
You knew the following spells:

 Your Spells              Type           Power      Damage    Failure   Level
a - Sandblast             Erth           42%        2d11      1%          1
b - Passwall              Tmut/Erth      11%        N/A       6%          2
c - Stone Arrow           Conj/Erth      32%        3d9       11%         3

Your spell library contained the following spells:

 Spells                   Type           Power      Damage    Failure   Level
 Petrify                  Tmut/Erth      14%        N/A       38%         4


Dungeon Overview and Level Annotations

Branches:
Dungeon (3/15)

Altars:
Gozag


Innate Abilities, Weirdness & Mutations

You do not regenerate when monsters are visible.
You are frail without blood (-20% HP).
You can heal yourself when you bite living creatures.
You are immune to poison.
You have razor-sharp teeth.
You have supernaturally acute eyesight. (SInv)
You are afflicted with vampirism and can become a bat while bloodless.


Message History

2 gnolls come into view.
A gnoll is wielding a +2 heavy hand axe and quivering silver boomerangs.
The gnoll shouts!
Aiming: Sandblast (safe; 1% risk of failure)
Press: ? - help, Q - select action, (/) - cycle Shift-Dir - straight line, f - gnoll
Aim: a gnoll, wielding a +0 halberd (85% to hit)
The blast of sand hits the gnoll!
The gnoll is severely wounded.
The gnoll shouts!
You hear a shout!
You now have 9/10 mp.
Aiming: Sandblast (safe; 1% risk of failure)
Press: ? - help, Q - select action, (/) - cycle Shift-Dir - straight line, f/p - gnoll
Aim: a gnoll, wielding a +0 halberd (severely wounded, 85% to hit)
The blast of sand misses the gnoll.
The gnoll hits you from afar with a +0 halberd!
You take 13 damage, and have 15/28 hp.
MASSIVE DAMAGE!!
You now have 8/10 mp.
Aiming: Sandblast (safe; 1% risk of failure)
Press: ? - help, Q - select action, (/) - cycle Shift-Dir - straight line, f/p - gnoll
Aim: a gnoll, wielding a +0 halberd (severely wounded, 85% to hit)
The blast of sand hits the gnoll!
You kill the gnoll!
The gnoll hits you from afar with a +0 halberd.
The gnoll completely misses you.
You take 4 damage, and have 11/28 hp.
You now have 7/10 mp.
Aiming: Sandblast (safe; 1% risk of failure)
Press: ? - help, Q - select action, (/) - cycle Shift-Dir - straight line, f - gnoll
Aim: a gnoll, wielding a +0 halberd (85% to hit)
The blast of sand hits the gnoll!
You kill the gnoll!
The gnoll throws a silver boomerang.
The silver boomerang barely misses you.
You now have 6/10 mp.
Aiming: Sandblast (safe; 1% risk of failure)
Press: ? - help, Q - select action, (/) - cycle Shift-Dir - straight line, f - gnoll
Aim: a gnoll, wielding a +2 heavy hand axe and quivering silver boomerangs (85% to hit)
The blast of sand hits the gnoll!
The gnoll is severely wounded.
The gnoll throws a silver boomerang.
The silver boomerang hits you!
* * * LOW HITPOINT WARNING * * *
You die...

##### #########
....# #........
....## #.....>..
'##..## #..).....
~##...##
#######..g.....
♣~###..###..†...@#
~# ##...........#
######
♣########........#
...... ♣##.#
#.<......... #..
~#..# #..........#
#.# ~+..#
#.......##... #..#
#.......# .#.#
###[## ##..#
#.).....# ...
....>. ....#
..####### ...###


You could see a gnoll.

Vanquished Creatures
  Sigmund (D:3)
  2 gnolls (D:3)
  2 adders
  2 worms
  A dart slug (D:1)
  2 bats (D:3)
  3 endoplasms
  A giant cockroach (D:1)
  2 hobgoblins
  8 jackals
  3 quokkas (D:1)
  8 ball pythons
  2 frilled lizards (D:1)
  7 goblins
  4 rats
48 creatures vanquished.

Vanquished Creatures (others)
  A plant (D:3)
1 creature vanquished.

Grand Total: 49 creatures vanquished

Notes
Turn   | Place    | Note
-------+----------+-------------------------------------------
     0 | D:1      | jasper the Vampire Earth Elementalist began the quest for
                  | the Orb.
     0 | D:1      | Reached XP level 1. HP: 13/13 MP: 3/3
   196 | D:1      | Found a faded altar of an unknown god.
   271 | D:1      | Reached XP level 2. HP: 18/19 MP: 0/5
   336 | D:1      | Learned a level 2 spell: Passwall
   649 | D:1      | You fall into a shaft and drop 1 floor!
   876 | D:2      | Gained mutation: You are afflicted with vampirism and can
                  | become a bat while bloodless. [Vampire growth]
   876 | D:2      | Reached XP level 3. HP: 24/24 MP: 0/7
  1245 | D:2      | Learned a level 3 spell: Stone Arrow
  1302 | D:3      | Found an opulent altar of Gozag.
  1413 | D:3      | Noticed Sigmund
  1421 | D:3      | Killed Sigmund
  1422 | D:3      | Reached skill level 1 in Conjurations
  1422 | D:3      | Reached skill level 4 in Earth Magic
  1422 | D:3      | Reached XP level 4. HP: 20/24 MP: 1/9
  1422 | D:3      | Reached XP level 5. HP: 24/28 MP: 1/10
  1639 | D:3      | Hit by a silver boomerang thrown by a gnoll

Illustrated notes

Levels and vault maps discovered:
D:1:      ebering_hopf_link, layout_basic, basic_ecumenical_altar,
          grunt_decor_cap, nicolae_figureground_sparkle
D:2:      layout_rooms
D:3:      layout_rooms, grunt_gozag_statues, saegor_snake_ambush, uniq_sigmund

Skill      XL: |  1  2  3 |
---------------+----------+-----
Spellcasting   | 3 |  3.9
Conjurations   | 1 |  1.8
Earth Magic    | 4 |  4.7
Dodging        | |  2.1
Stealth        | |  3.0
Transmutations | |  1.1

Action                     |  1- 3 |  4- 6 || total
---------------------------+-------+-------++-------
  Melee: Staff             |     1 |       ||     1
   Cast: Sandblast         |    57 |    13 ||    70
Ability: Exsanguinate      |     1 |       ||     1
 Armour: Robe              |     7 |     1 ||     8
  Dodge: Dodged            |    18 |     7 ||    25

Table legend: (Time is in decaauts)
 A = Elapsed time spent in this place.
 B = Non-inter-level travel time spent in this place.
 C = Inter-level travel time spent in this place.
 D = Time resting spent in this place.
 E = Time spent auto-exploring this place.
 F = Levels seen in this place.
 G = Mean time per level.
                   A        B        C        D        E       F      G
               +--------+--------+--------+--------+--------+-----+--------+
         Total |   1677 |   1665 |     12 |      8 |   1364 |   3 |  559.0 |
       Dungeon |   1677 |   1665 |     12 |      8 |   1364 |   3 |  559.0 |
               +--------+--------+--------+--------+--------+-----+--------+

Top non-repeatable levels by time:
     D:1: 657 daAuts
     D:2: 621 daAuts
     D:3: 399 daAuts
